 Dungeon Crawl Stone Soup version 0.30-a0-711-gf4ac18a38d (webtiles) character file.

Game seed: 4084572041958443476

577 flotson the Sneak (level 7, -2/54 HPs)
             Began as a Demonspawn Delver on Jan 23, 2023.
             Succumbed to a killer bee's poison
             ... on level 6 of the Dungeon.
             The game lasted 00:05:42 (3180 turns).

flotson the Sneak (Demonspawn Delver)               Turns: 3180, Time: 00:05:43

Health: -2/54      AC:  8    Str: 20    XL:     7   Next: 13%
Magic:  2/7        EV:  8    Int: 12    God:
Gold:   155        SH:  0    Dex: 14    Spells: 6/6 levels left

rFire   . . .      SeeInvis .    b - +2 hand axe (drain)
rCold   . . .      Faith    .    x - orb {*Rage}
rNeg    . . .      Spirit   +    j - +0 chain mail
rPois   .          Reflect  .    (no helmet)
rElec   .          Harm     .    (no cloak)
rCorr   .          Rampage  .    (no gloves)
Will    .....      Rage     20%  (no boots) Stlth
                                 (no amulet)
HPRegen 0.29/turn                d - +6 ring of strength
MPRegen 0.20/turn                (no ring)

@: lethally poisoned (-2 -> -15), very slow
A: ignite blood 1, magic shield, magic regeneration, weakness stinger 2, fangs
1, subdued magic 1
a: no special abilities


You were on level 6 of the Dungeon.
You visited 2 branches of the dungeon, and saw 7 of its levels.

You collected 155 gold pieces.

Inventory:

Hand Weapons
 b - a +2 hand axe of draining (weapon)
Missiles
 h - 7 poisoned darts (quivered)
 i - 4 boomerangs
 r - 2 javelins
Armour
 j - a +0 chain mail (worn)
 x - an orb of wrath (worn)
Jewellery
 d - a +6 ring of strength (left hand)
 n - an amulet of regeneration
Wands
 g - a wand of digging (2)
 k - a wand of iceblast (4)
Scrolls
 a - a scroll of enchant weapon {unknown}
 c - a scroll of fog
 m - a scroll of noise {unknown}
 o - a scroll of immolation {unknown}
 p - a scroll of poison {unknown}
 q - 2 scrolls of identify {unknown}
 s - a scroll of teleportation {unknown}
 t - a scroll of blinking {unknown}
 u - a scroll of silence {unknown}
Potions
 f - a potion of haste
 v - a potion of mutation


   Skills:
 + Level 4.2 Fighting
 + Level 3.1 Axes
 + Level 2.4 Throwing
 + Level 2.3 Armour
 + Level 3.2 Dodging
 - Level 5.0 Stealth
 + Level 2.6 Evocations


You had 6 spell levels left.
You didn't know any spells.
Your spell library contained the following spells:

 Spells                   Type           Power      Damage    Failure   Level
 Summon Ice Beast         Ice/Summ       0%         N/A       100%        4
 Summon Mana Viper        Hex/Summ       0%         N/A       100%        5
 Monstrous Menagerie      Summ           0%         N/A       100%        7


Dungeon Overview and Level Annotations

Branches:
Dungeon (6/15)             Temple (1/1) D:6

Altars:
Cheibriados
Dithmenos
Fedhas
Gozag
Makhleb
Okawaru
Qazlal
Sif Muna
Trog
Uskayaw
Vehumet
Wu Jian
Xom
Yredelemnul


Innate Abilities, Weirdness & Mutations

Your demonic aura sometimes causes spilled blood to erupt in flames.
When hurt, damage is shared between your health and your magic reserves.
You regenerate magic rapidly.
You have a tail ending in a sharp stinger.
You have very sharp teeth.
Your spells are a little easier to cast, but a little less powerful.


Message History

The killer bee attacks as you move away!
The killer bee barely misses you. The killer bee closely misses you.
The killer bee attacks as you move away!
The killer bee closely misses you.
The killer bee attacks as you move away!
The killer bee barely misses you.
You open the door. 2 quokkas come into view.
The killer bee stings you.
* * * LOW HITPOINT WARNING * * *
You are poisoned.
The killer bee poisons you!
The killer bee stings you but does no damage.
The killer bee attacks as you move away!
The killer bee barely misses you.
You feel sick.
There is an open door here.
As you read the scroll of fear, it crumbles to dust.
You assume a fearsome visage.
The quokka looks frightened! x2
The killer bee looks frightened!
You feel sick.
It was a potion of cancellation.
Your magical effects are unravelling.
You feel magically purged.
You feel yourself slow down.
You feel sick.
The killer bee seems to regain its courage.
The killer bee closely misses you. The killer bee stings you.
You are lethally poisoned!
The killer bee poisons you!
You enter the shallow water.
Moving in this stuff is going to be slow.
You hear the brisk rusting of a drain very nearby.
* * * LOW HITPOINT WARNING * * *
You feel very sick. The killer bee stings you.
* * * LOW HITPOINT WARNING * * *
You are more poisoned.
The killer bee poisons you!
You recover from your berserk rage.
You die...

,,,,,,,*****,,,,,,,,,,*
,,,,,,,,**,,,,******,,*
,,,,,,,,+,,,,,*~∩~~*,,*
,,,,,,,,**,*,,*#++#*,,*
,,,,,,,***,#.,,#~~#,,,*
*,,,,,** *,#..##~r##,,*
**,,,** *,#..#~r~~#,,*
**+** *,#..#~~~~#,,*
*,* #.#..##@~#*,**
###.# #.....#~~#,.*
....##* #.#*#.y##+.#*
......###.# #.....#*
.....#.#.#####....##
*#..###........####
*#..#.######### #.#.##
#..##


You could see a killer bee and 2 quokkas.

Vanquished Creatures
  A phantom (D:4)
  A bullfrog (D:5)
  A necrophage (D:5)
  A scorpion (D:4)
  A hound (D:5)
  2 jellies
  Jessica (D:3)
  3 iguanas
  An orc wizard (D:5)
  3 gnolls (D:4)
  4 adders
  A white imp (D:5)
  A dart slug (D:4)
  5 orcs
  3 endoplasms
  3 giant cockroaches (D:4)
  A hobgoblin (D:3)
  A kobold (D:4)
  A quokka (D:5)
  A ball python (D:3)
  A frilled lizard (D:1)
37 creatures vanquished.

Notes
Turn   | Place    | Note
-------+----------+-------------------------------------------
     0 | D:5      | flotson the Demonspawn Delver began the quest for the Orb.
     0 | D:5      | Reached XP level 1. HP: 18/18 MP: 1/1
   157 | D:5      | Noticed a necrophage
   292 | D:5      | Killed a necrophage
   293 | D:5      | Reached skill level 1 in Armour
   293 | D:5      | Reached skill level 1 in Evocations
   293 | D:5      | Gained mutation: You regenerate magic rapidly. [demonic
                  | ancestry]
   293 | D:5      | Reached XP level 2. HP: 23/24 MP: 2/2
   293 | D:5      | Gained mutation: When hurt, damage is shared between your
                  | health and your magic reserves. [demonic ancestry]
   293 | D:5      | Reached XP level 3. HP: 28/29 MP: 3/3
   322 | D:5      | Reached skill level 1 in Throwing
   322 | D:5      | Reached XP level 4. HP: 35/35 MP: 4/4
   559 | D:3      | Noticed Jessica
   567 | D:3      | Killed Jessica
   921 | D:4      | Gained mutation: You have a small tail. [demonic ancestry]
   921 | D:4      | Reached XP level 5. HP: 30/41 MP: 3/5
  1318 | D:5      | Reached skill level 5 in Stealth
  1324 | D:5      | Gained mutation: You have a tail ending in a sharp stinger.
                  | [demonic ancestry]
  1324 | D:5      | Reached XP level 6. HP: 28/48 MP: 3/6
  1629 | D:5      | Found an opulent altar of Gozag.
  1684 | D:5      | Found a bloodstained altar of Trog.
  2656 | D:4      | Gained mutation: Your demonic aura sometimes causes spilled
                  | blood to erupt in flames. [demonic ancestry]
  2656 | D:4      | Reached XP level 7. HP: 54/54 MP: 7/7
  2902 | D:6      | Found a staircase to the Ecumenical Temple.
  2915 | Temple   | Entered the Ecumenical Temple
  3156 | D:6      | Gained mutation: Your spells are a little easier to cast,
                  | but a little less powerful. [potion of mutation]
  3156 | D:6      | Gained mutation: You have very sharp teeth. [potion of
                  | mutation]
  3179 | D:6      | HP: 2/54 [killer bee (3)]
  3180 | D:6      | Succumbed to a killer bee's poison

Illustrated notes

Levels and vault maps discovered:
D:1:      nagdon_arrival_zigzag_paths, layout_basic,
          hangedman_decor_diamond_cutter
D:2:      layout_basic, shapermc_ecumenical_altar_pompeii, minmay_crystal_room,
          minivault_27
D:3:      layout_basic, serial_shops,
          nicolae_shop_temple_entry_statues_fountains, shop,
          gammafunk_ghost_necromancy, uniq_jessica, uniq_ijyb, uniq_terence
D:4:      layout_loops_corners, kennysheep_small_circle
D:5:      minmay_angry_zag, layout_basic, minitemple, roderic_lattice_a
D:6:      minmay_skewed_foursquare, layout_loops_corners, kennysheep_mini_moat,
          minmay_temple_entry_trees, gup_sewer_entry_bowl
Temple:   nicolae_temple_figure_eight

Skill      XL: |  1  2  3  4  5  6 |
---------------+-------------------+-----
Axes           | 2 3 |  3.1
Armour         | 1 2 |  2.3
Dodging        | 2 3 |  3.2
Evocations     | 1 2 |  2.6
Throwing       | 1 2 |  2.4
Stealth        | 5 |  5.0
Fighting       | 4 |  4.2

Action                     |  1- 3 |  4- 6 |  7- 9 || total
---------------------------+-------+-------+-------++-------
  Melee: Hand axe          |    21 |   114 |    15 ||   150
         Tailslap          |       |    10 |     2 ||    12
         Punch             |       |     1 |       ||     1
  Evoke: Wand              |     3 |       |     1 ||     4
    Use: Potion            |       |       |     5 ||     5
         Scroll            |       |       |     3 ||     3
 Armour: Chain mail        |     3 |    62 |    10 ||    75
         Leather armour    |     3 |       |       ||     3
  Dodge: Dodged            |     9 |    38 |    23 ||    70

Table legend: (Time is in decaauts)
 A = Elapsed time spent in this place.
 B = Non-inter-level travel time spent in this place.
 C = Inter-level travel time spent in this place.
 D = Time resting spent in this place.
 E = Time spent auto-exploring this place.
 F = Levels seen in this place.
 G = Mean time per level.
                   A        B        C        D        E       F      G
               +--------+--------+--------+--------+--------+-----+--------+
         Total |   3205 |   2890 |    315 |      1 |   2319 |   7 |  457.9 |
       Dungeon |   2990 |   2697 |    293 |      1 |   2132 |   6 |  498.3 |
        Temple |    215 |    193 |     22 |      0 |    187 |   1 |  215.0 |
               +--------+--------+--------+--------+--------+-----+--------+

Top non-repeatable levels by time:
     D:5: 1400 daAuts
     D:4: 1149 daAuts
  Temple: 215 daAuts
     D:1: 179 daAuts
     D:3: 111 daAuts
     D:6: 91 daAuts
     D:2: 58 daAuts
